 Dungeon Crawl Stone Soup version 0.30-a0-777-ga9a30cbeda (webtiles) character file.

Game seed: 13574394700580889292

6757 Nero4983 the Basher (level 10, -3/96 HPs)
             Began as a Troll Berserker on Feb 14, 2023.
             Was a Priest of Trog.
             Slain by an orc warrior
             ... wielding a +1 halberd of distortion
              (18 damage)
             ... on level 8 of the Dungeon.
             The game lasted 00:35:13 (6395 turns).

Nero4983 the Basher (Troll Berserker)               Turns: 6395, Time: 00:35:14

Health: -3/96      AC: 14    Str: 34    XL:     10   Next: 75%
Magic:  9/9        EV: 10    Int:  7    God:    Trog [***...]
Gold:   468        SH:  0    Dex:  8    Spells: 9/9 levels left

rFire   . . .      SeeInvis .    x - +1 hammer (holy)
rCold   . . .      Faith    .    J - orb {light}
rNeg    . . .      Spirit   .    I - +3 steam dragon scales
rPois   .          Reflect  .    (helmet restricted)
rElec   .          Harm     .    (no cloak)
rCorr   .          Rampage  .    (gloves unavailable)
Will    ++...                    (boots unavailable)
Stlth   +                        (no amulet)
HPRegen 2.16/turn                a - +4 ring of protection
MPRegen 0.11/turn                r - +6 ring of strength

@: strong-willed, on berserk cooldown, regenerating, slowed, glowing, very slow
A: large, unfitting armour, claws 3, regeneration 1, shaggy fur 1, tough skin 1,
clever 1, weak 1
a: Renounce Religion, Berserk, Trog's Hand


You were on level 8 of the Dungeon.
You worshipped Trog.
Trog was most pleased with you.
You visited 2 branches of the dungeon, and saw 9 of its levels.
You visited the Abyss 1 time.

You collected 468 gold pieces.

Inventory:

Hand Weapons
 s - a +3 shortbow of draining
 x - a +1 hammer of holy wrath (weapon)
Missiles
 b - 3 boomerangs
 m - 3 javelins
 p - 57 stones (quivered)
Armour
 I - +3 steam dragon scales (worn)
 J - an orb of light (worn)
Jewellery
 a - a +4 ring of protection (left claw)
 e - a ring of positive energy
 r - a +6 ring of strength (right claw)
 G - a ring of flight
Wands
 h - a wand of flame (24)
 y - a wand of charming (12)
 z - a wand of polymorph (9)
 F - a wand of iceblast (8)
 H - a wand of quicksilver (9)
Scrolls
 c - a scroll of blinking
 g - 3 scrolls of vulnerability
 j - a scroll of immolation
 l - a scroll of butterflies {unknown}
 n - 6 scrolls of fear
 q - a scroll of teleportation {unknown}
 u - a scroll of enchant weapon {unknown}
 A - a scroll of torment {unknown}
 D - 3 scrolls of magic mapping
Potions
 i - 4 potions of curing
 k - a potion of flight {unknown}
 o - a potion of mutation
 t - a potion of ambrosia {unknown}
 v - a potion of lignification {unknown}
 w - a potion of heal wounds {unknown}
 B - a potion of brilliance {unknown}
 C - 2 potions of degeneration {unknown}
 E - a potion of resistance {unknown}
 K - a potion of invisibility {unknown}
 L - 2 potions of might


   Skills:
 + Level 5.5 Fighting
 - Level 0.5 Short Blades
 * Level 11.9 Maces & Flails
 - Level 0.1(6.8) Staves
 * Level 5.2 Throwing
 + Level 5.5 Dodging
 + Level 1.3 Stealth


You had 9 spell levels left.
You didn't know any spells.
Your spell library was empty.

Dungeon Overview and Level Annotations

Branches:
Dungeon (8/15)             Temple (1/1) D:6
   Lair: D:8-11

Altars:
Cheibriados
Dithmenos
Fedhas
Hepliaklqana
Qazlal
Sif Muna
Wu Jian
The Shining One


Innate Abilities, Weirdness & Mutations

You are too large for most types of armour.
You have claws for hands.
Your natural rate of healing is unusually fast.
You are covered in fur. (AC +1)
You have tough skin. (AC +1)
Your mind is acute. (Int +4, Str/Dex -1)
You are weak. (Str -2)


Message History

Throw: 60 stones
Press: ? - help, Q - select action, (/) - cycle Shift-Dir - straight line, f - wraith
Aim: a wraith (severely damaged, 59% to hit)
You throw a stone. The stone hits the wraith.
The wraith is almost destroyed.
Throw: 59 stones
Press: ? - help, Q - select action, (/) - cycle Shift-Dir - straight line, f/p - wraith
Aim: a wraith (severely damaged, haloed, 78% to hit)
You throw a stone. The stone barely misses the wraith.
The centaur warrior wields a +0 longbow.
The centaur warrior shoots an arrow.
The arrow hits you!
Throw: 58 stones
Press: ? - help, Q - select action, (/) - cycle Shift-Dir - straight line, f/p - wraith
Aim: a wraith (severely damaged, haloed, 78% to hit)
You throw a stone. The stone hits the wraith.
The wraith is almost destroyed.
The wraith hits you. The wraith drains your vigour!
You feel as though you will be slow longer.
The orc warrior hits you from afar with a +1 halberd of distortion.
* * * LOW HITPOINT WARNING * * *
Space warps around you.
* * * LOW HITPOINT WARNING * * *
You're still recovering from your berserk rage.
Your skin crawls.
You feel strong-willed.
The centaur warrior unwields a +0 longbow.
The centaur warrior hits you.
* * * LOW HITPOINT WARNING * * *
The centaur warrior completely misses you.
The wraith hits you!
* * * LOW HITPOINT WARNING * * *
The orc warrior hits you from afar with a +1 halberd of distortion.
* * * LOW HITPOINT WARNING * * *
You sock the centaur warrior!
The centaur warrior is lightly wounded.
The centaur warrior closely misses you. The centaur warrior barely misses you.
The wraith hits you but does no damage.
The orc warrior hits you but does no damage.
Space warps horribly around you!!
You die...

#=.##.# ##
##.#.W#.#.#
##..
l#.###.#
#.# ....
##.##.#.#
#.# ...
..#.# #o#
#.# .###..#
#.# ##
#.#.o##.#
#.# ##W...#
#.. #@c#
..# #### ##


You could see a centaur warrior, a wraith and an orc warrior.

Vanquished Creatures
  A two-headed ogre (D:8)
  A thrashing horror (Abyss:1)
  A skeletal warrior (D:8)
  A guardian serpent (Abyss:1)
  An apocalypse crab (Abyss:1)
  Psyche (D:8)
  An efreet (D:8)
  A tengu conjurer (D:8)
  A wraith (D:8)
  3 fire bats (Abyss:1)
  A steam dragon (D:6)
  2 vampire mosquitoes (D:8)
  Menkaure (D:4)
  3 water moccasins
  2 ice beasts
  A sky beast (D:7)
  3 centaurs
  2 ogres
  4 bullfrogs
  2 necrophages
  3 scorpions (D:7)
  2 small abominations (Abyss:1)
  A killer bee (D:4)
  2 howler monkeys
  A crimson imp (Abyss:1)
  A jelly (D:5)
  4 hounds
  Crazy Yiuf (D:2)
  4 orc priests (D:6)
  3 gnoll boudas
  3 iguanas
  2 orc wizards
  8 gnolls
  7 adders
  2 white imps
  3 ufetubi
  5 worms
  2 dart slugs
  24 orcs
  6 endoplasms
  2 giant cockroaches
  4 goblins
  4 hobgoblins
  10 jackals
  3 quokkas (D:4)
  6 ball pythons
  A frilled lizard (D:2)
  6 kobolds
  6 rats
159 creatures vanquished.

Notes
Turn   | Place    | Note
-------+----------+-------------------------------------------
     0 | D:1      | Nero4983 the Troll Berserker began the quest for the Orb.
     0 | D:1      | Reached XP level 1. HP: 22/22 MP: 0/0
   446 | D:1      | Reached XP level 2. HP: 29/29 MP: 1/1
   553 | D:2      | Reached skill level 3 in Maces & Flails
   691 | D:2      | Reached XP level 3. HP: 36/36 MP: 2/2
   998 | D:2      | Found a runed translucent door.
   999 | D:2      | Noticed Crazy Yiuf
  1007 | D:2      | Killed Crazy Yiuf
  1008 | D:2      | Reached XP level 4. HP: 23/45 MP: 0/3
  1567 | D:3      | You fall into a shaft and drop 2 floors!
  1567 | D:5      | Entered Level 5 of the Dungeon
  1610 | D:5      | Reached XP level 5. HP: 53/53 MP: 4/4
  1615 | D:5      | Reached skill level 4 in Maces & Flails
  1622 | D:5      | Reached skill level 1 in Throwing
  1627 | D:5      | Reached ** piety under Trog
  1692 | D:5      | Noticed a water moccasin
  1701 | D:5      | Killed a water moccasin
  1702 | D:5      | Reached XP level 6. HP: 61/61 MP: 5/5
  1903 | D:5      | Found a hazy altar of Hepliaklqana.
  1906 | D:5      | Found a snail-covered altar of Cheibriados.
  1929 | D:5      | Noticed an ice beast
  1946 | D:5      | Killed an ice beast
  2415 | D:6      | Noticed an ice beast
  2425 | D:6      | Reached skill level 5 in Maces & Flails
  2430 | D:6      | Killed an ice beast
  2431 | D:6      | Reached XP level 7. HP: 67/67 MP: 6/6
  2593 | D:6      | Found a stormy altar of Qazlal.
  2829 | D:6      | Found a staircase to the Ecumenical Temple.
  2836 | Temple   | Entered the Ecumenical Temple
  2900 | D:6      | Reached skill level 6 in Maces & Flails
  3461 | D:6      | Noticed a steam dragon
  3472 | D:6      | Killed a steam dragon
  3473 | D:6      | Reached XP level 8. HP: 78/78 MP: 7/7
  3539 | D:6      | Gained mutation: You are weak. (Str -2) [potion of
                  | mutation]
  3539 | D:6      | Gained mutation: Your mind is acute. (Int +4, Str/Dex -1)
                  | [potion of mutation]
  3799 | D:4      | Reached skill level 1 in Stealth
  4570 | D:4      | Reached skill level 7 in Maces & Flails
  4860 | D:4      | Noticed Menkaure
  4865 | D:4      | Killed Menkaure
  5167 | D:7      | Reached skill level 8 in Maces & Flails
  5189 | D:7      | Reached *** piety under Trog
  5269 | D:7      | Reached XP level 9. HP: 85/85 MP: 8/8
  5501 | D:7      | Reached skill level 9 in Maces & Flails
  5628 | D:7      | Found a shimmering blue altar of Sif Muna.
  5784 | D:8      | Noticed Psyche
  5798 | D:8      | Killed Psyche
  5913 | D:8      | Noticed an efreet
  5917 | D:8      | Noticed a tengu conjurer
  5924 | D:8      | Killed an efreet
  5928 | D:8      | Reached skill level 5 in Fighting
  5928 | D:8      | Reached skill level 10 in Maces & Flails
  5932 | D:8      | Killed a tengu conjurer
  5939 | D:8      | Noticed a two-headed ogre
  5941 | D:8      | Identified the ring of the Prince {MP+9 SInv}
  5955 | D:8      | Killed a two-headed ogre
  5956 | D:8      | Reached skill level 5 in Dodging
  5956 | D:8      | Reached XP level 10. HP: 22/96 MP: 9/9
  5980 | D:8      | Noticed a skeletal warrior
  5993 | D:8      | Killed a skeletal warrior
  5994 | D:8      | Reached skill level 11 in Maces & Flails
  6056 | Abyss:1  | Cast into level 1 of the Abyss (orc warrior)
  6068 | Abyss:1  | Noticed an apocalypse crab
  6082 | Abyss:1  | Killed an apocalypse crab
  6203 | Abyss:1  | Found a corrupted altar of Lugonu.
  6228 | Abyss:1  | Found a corrupted altar of Lugonu.
  6235 | Abyss:1  | Noticed a daeva
  6277 | Abyss:1  | Found a corrupted altar of Lugonu.
  6283 | Abyss:1  | Noticed a thrashing horror
  6294 | Abyss:1  | Killed a thrashing horror
  6295 | Abyss:1  | Reached skill level 5 in Throwing
  6300 | Abyss:1  | Noticed a guardian serpent
  6380 | Abyss:1  | Killed a guardian serpent
  6385 | D:8      | Escaped the Abyss
  6388 | D:8      | Noticed a centaur warrior
  6395 | D:8      | Slain by an orc warrior

Illustrated notes

Levels and vault maps discovered:
D:1:      shiori_arrival_whats_in_store_for_you, layout_rooms, minivault_5
D:2:      layout_basic, lightli_corner_chamber, uniq_crazy_yiuf_cottage
D:3:      layout_loops_corners, bh_walls_and_bars
D:4:      layout_loops_corners, minmay_stone_trees_large,
          minmay_divided_ellipse, uniq_menkaure
D:5:      layout_loops_ring, nicolae_overflow_squiral,
          kennysheep_generic_room_16
D:6:      layout_basic, lemuel_tele_altar, minmay_temple_entry_tees,
          minmay_misc_feat_nine_boxes
D:7:      layout_gridville, marbit_many_paths, hangedman_decor_peaks_small
D:8:      minmay_the_grid_four_pointed_star
          [minmay_the_grid_triangle_9x9_longest,
          minmay_the_grid_triangle_9x9_warning,
          minmay_the_grid_triangle_9x9_flanged_cone,
          minmay_the_grid_triangle_9x9_odd_lines,
          minmay_the_grid_prize_four_corners_diamond_b], layout_gridville,
          yredelemnul_forgotten_temple_becter, uniq_maurice, uniq_psyche
Temple:   nicolae_temple_bog_church

Skill      XL: |  1  2  3  4  5  6  7  8  9 10 |
---------------+-------------------------------+-----
Maces & Flails | 3 4 5 6 8 10 11 | 11.9
Fighting       | 3 4 5 |  5.5
Dodging        | 3 4 5 |  5.5
Throwing       | 1 2 3 4 5 |  5.2
Stealth        | 1 |  1.3
Short Blades   | |  0.5
Staves         | |  0.1

Action                     |  1- 3 |  4- 6 |  7- 9 | 10-12 || total
---------------------------+-------+-------+-------+-------++-------
  Melee: Mace              |    16 |    97 |   315 |    55 ||   483
         Dagger            |    68 |       |       |       ||    68
         Punch             |     1 |       |       |       ||     1
         Quarterstaff      |       |     9 |       |       ||     9
  Throw: Stone             |       |       |       |     3 ||     3
 Invoke: Berserk           |     1 |     3 |    13 |     4 ||    21
         Trog's Hand       |       |       |       |     1 ||     1
    Use: Scroll            |       |     3 |     6 |       ||     9
         Potion            |       |     1 |     6 |       ||     7
   Stab: Sleeping          |       |     1 |       |       ||     1
 Armour: Animal skin       |    15 |    37 |    26 |       ||    78
         Steam dragon scal |       |       |   117 |    31 ||   148
  Dodge: Dodged            |    35 |    48 |   137 |    32 ||   252

Table legend: (Time is in decaauts)
 A = Elapsed time spent in this place.
 B = Non-inter-level travel time spent in this place.
 C = Inter-level travel time spent in this place.
 D = Time resting spent in this place.
 E = Time spent auto-exploring this place.
 F = Levels seen in this place.
 G = Mean time per level.
                   A        B        C        D        E       F      G
               +--------+--------+--------+--------+--------+-----+--------+
         Total |   6601 |   6267 |    334 |   1383 |   3559 |  10 |  660.1 |
       Dungeon |   6275 |   5941 |    334 |   1278 |   3413 |   8 |  784.4 |
        Temple |      1 |      1 |      0 |      0 |      0 |   1 |    1.0 |
         Abyss |    324 |    324 |      0 |    104 |    146 |   1 |  324.0 |
               +--------+--------+--------+--------+--------+-----+--------+

Top non-repeatable levels by time:
     D:6: 1408 daAuts
     D:4: 1353 daAuts
     D:5: 972 daAuts
     D:2: 645 daAuts
     D:7: 617 daAuts
     D:1: 534 daAuts
     D:3: 432 daAuts
 Abyss:1: 324 daAuts
     D:8: 311 daAuts
  Temple: 1 daAuts
